 Dungeon Crawl Stone Soup version 0.29.0-4-gdea44cf6ec (webtiles) character file.

Game seed: 811738225269172437

5 qw the Chopper (level 1, -2/12 HPs)
             Began as a Tengu Warper on Aug 28, 2022.
             Slain by a quokka (4 damage)
             ... on level 1 of the Dungeon.
             The game lasted 00:00:01 (163 turns).

qw the Chopper (Tengu Warper)                        Turns: 163, Time: 00:00:01

Health: -2/12      AC:  3    Str: 11    XL:     1   Next: 80%
Magic:  4/4        EV: 11    Int: 13    God:
Gold:   0          SH:  0    Dex: 13    Spells: 4/4 levels left

rFire   . . .      SeeInvis .   a - +0 hand axe
rCold   . . .      Faith    .   (no shield)
rNeg    . . .      Spirit   .   b - +0 leather armour
rPois   .          Reflect  .   (helmet restricted)
rElec   .          Harm     .   (no cloak)
rCorr   .          Rampage  .   (no gloves)
Will    .....                   (boots unavailable)
Stlth   +.........              (no amulet)
HPRegen 0.04/turn               (no ring)
MPRegen 0.09/turn               (no ring)

@: no status effects
A: beak, talons 3
a: no special abilities


You were on level 1 of the Dungeon.
You visited 1 branch of the dungeon, and saw 1 of its levels.


Innate Abilities, Weirdness & Mutations

You have a beak for a mouth.
You have claws for feet.


   Skills:
 - Level 2.0 Fighting
 + Level 2.8 Axes
 - Level 1.0 Throwing
 - Level 1.1 Armour
 - Level 2.1 Dodging
 - Level 2.0 Spellcasting
 - Level 2.4 Translocations


You had 4 spell levels left.
You didn't know any spells.
Your spell library contained the following spells:

 Spells                   Type           Power      Damage    Failure   Level
 Blink                    Tloc           14%        N/A       19%         2
 Gell's Gravitas          Tloc           7%         N/A       36%         3
 Lesser Beckoning         Tloc           7%         N/A       36%         3
 Teleport Other           Tloc           7%         N/A       36%         3
 Manifold Assault         Tloc           7%         N/A       98%         5

Inventory:

Hand Weapons
 a - a +0 hand axe (weapon)
 e - a +0 club
Missiles
 d - 5 boomerangs of dispersal (quivered)
Armour
 b - a +0 leather armour (worn)
Scrolls
 c - a scroll of blinking

Dungeon Overview and Level Annotations

Branches:
Dungeon (1/15)

Altars:


Message History

The rat blinks!
You feel a bit more experienced.
A rat is nearby!
Throw: 9 boomerangs (disperse)
Press: ? - help, Q - select action Shift-Dir - straight line, f - rat You throw a boomerang of dispersal.
The boomerang of dispersal hits the rat.
The rat blinks!
You feel a bit more experienced.
Found 4 stones.
Enter note: A giant cockroach comes into view.
Throw: 8 boomerangs (disperse)
Press: ? - help, Q - select action Shift-Dir - straight line, f - giant cockroach You throw a boomerang of dispersal.
The boomerang of dispersal hits the giant cockroach but does no damage.
Throw: 7 boomerangs (disperse)
Press: ? - help, Q - select action Shift-Dir - straight line, f/p - giant cockroach You throw a boomerang of dispersal.
The boomerang of dispersal hits the giant cockroach.
The giant cockroach blinks!
The giant cockroach is heavily wounded.
Throw: 6 boomerangs (disperse)
Press: ? - help, Q - select action Shift-Dir - straight line, f/p - giant cockroach You throw a boomerang of dispersal.
The boomerang of dispersal hits the giant cockroach.
The giant cockroach blinks!
You kill the giant cockroach!
A quokka comes into view.
You miss the quokka. Your kick misses the quokka. Your peck misses the quokka.
The quokka bites you.
You hit the quokka.
The quokka is moderately wounded.
The quokka bites you. x2
You closely miss the quokka. Your peck misses the quokka.
The quokka is moderately wounded.
The quokka bites you.
You hit the quokka but do no damage. Your kick misses the quokka.
Your peck misses the quokka.
The quokka is moderately wounded.
The quokka bites you.
You die...

... ####..(..#
#8#.##
...##........#
####.##
#.#..........#
##.##
.............# ##
##.####
#............# .#
##.#8#
##......####.# .#
##.# #....>..# #.#
.# ##.#8#
#....[..####.###r#
##.####
+..........#...@.#
##.##
#..........#####.#
##.##
#.......#..## #.#
####.##
#.......+...####.#
#8#.##
#.......###..(.#.#
#.## #.......#
####...# #8#.##
#.......# #>..#
##.#.## #######.#
###.###.##..# #.
#.........#


You could see a quokka.

Vanquished Creatures
  An endoplasm (D:1)
  A giant cockroach (D:1)
  A kobold (D:1)
  3 rats (D:1)
6 creatures vanquished.

Notes
Turn   | Place    | Note
-------+----------+-------------------------------------------
     0 | D:1      | qw the Tengu Warper began the quest for the Orb.
     0 | D:1      | Reached XP level 1. HP: 12/12 MP: 4/4
     0 | D:1      | 0 ||| qw: Version: 0.1-a-89-g26bdef1
     0 | D:1      | 0 ||| qw: Game counter: 1635
     0 | D:1      | 0 ||| qw: Always use a shield: true
     0 | D:1      | 0 ||| qw: God list: Okawaru
     0 | D:1      | 0 ||| qw: Allow faded altars: false
     0 | D:1      | 0 ||| qw: Do Orc after D:15 true
     0 | D:1      | 0 ||| qw: Do second Lair branch before Depths: true
     0 | D:1      | 0 ||| qw: Lair rune preference: random
     0 | D:1      | 0 ||| qw: Plans: Normal
     0 | D:1      | 0 ||| PLANNING D:1-11
    44 | D:1      | 44 ||| Stepping ~*~*~tactically~*~*~ (stealth).
    46 | D:1      | 46 ||| Stepping ~*~*~tactically~*~*~ (stealth).
   126 | D:1      | 126 ||| Stepping ~*~*~tactically~*~*~ (stealth).
   162 | D:1      | HP: 2/12 [quokka (2)]
   163 | D:1      | Slain by a quokka

Levels and vault maps discovered:
D:1:      nagdon_arrival_zigzag_paths, layout_basic,
          ebering_ecumenical_altar_petrified, minmay_pentomino_w4

Action                   || total
-------------------------++-------
Melee: Hand axe          ||    10
       Kick              ||     3
       Peck              ||     1
Throw: Boomerang         ||     7
Armor: Leather armour    ||     1
Dodge: Dodged            ||     1

Table legend:
 A = Non-vault XP
 B = Vault XP
 C = Vault XP percentage of total XP
 D = Non-vault monster count
 E = Vault monster count
 F = Vault count percentage of total count
                 A         B        C        D         E       F
            +---------+---------+-------+---------+---------+-------
      Total |       8 |       0 |   0.0 |       6 |       0 |   0.0
            +---------+---------+-------+---------+---------+-------
        D:1 |       8 |       0 |   0.0 |       6 |       0 |   0.0
            +---------+---------+-------+---------+---------+-------
